AoeStats
← Peste Negra

Four Lakes

509671370Analyzed
1v1 RM · 6d ago on Sep 27, 2026· 44m 25s· 2 players
Game mode
Random Map
Map size
Tiny (2 player)
Population
200
Speed
Normal
Resources
Standard
Victory
Conquest
Starting age
Dark Age
Ending age
Imperial Age
RankedLock teamsTeams togetherTeam positionsShared explorationLock speedFull tech treeHidden civsTurbo modeCheats
Victory
Defeat
🇨🇱 Mapuche · Chile
688
+15
🇦🇷 Varangians · Argentina
657
-15
vikutoru6695
2:38 Loom
10:10 Feudal Age
12:19 Bloodlines
14:09 Double-Bit Axe
17:46 Fishing Lines
17:50 Horse Collar
25:46 Castle Age
29:13 Forging
28:26 Light Cavalry
30:24 Husbandry
31:46 Wheelbarrow
30:58 Town Watch
37:04 Imperial Age
39:37 Murder Holes
Peste Negra
4:15 Loom
11:28 Feudal Age
12:02 Double-Bit Axe
12:55 Horse Collar
15:41 Champi Runner
17:52 Forging
17:34 Fletching
20:05 Wheelbarrow
26:47 Castle Age
28:54 Pikeman
31:24 Scale Mail Armor
32:52 Bodkin Arrow
34:27 Champi Warrior
44:35 Imperial Age
Connection lost

Rejoining the realm…

Still unreachable

The connection could not be restored.

Session expired

The server has moved on; the page needs a fresh start.